 Dungeon Crawl Stone Soup version 0.23.2-30-g0e89c35 (webtiles) character file.

Game seed: 3427166655114672864

665 Fang the Skirmisher (level 7, 0/44 HPs)
             Began as a Gargoyle Berserker on June 13, 2019.
             Was a Priest of Trog.
             Slain by Prince Ribbit (7 damage)
             ... on level 5 of the Dungeon.
             The game lasted 00:05:20 (4162 turns).

Fang the Skirmisher (Gargoyle Berserker)            Turns: 4162, Time: 00:05:21

Health: 0/44       AC: 14    Str: 22    XL:     7   Next: 57%
Magic:  7/7        EV: 13    Int:  8    God:    Trog [***...]
Gold:   275        SH:  0    Dex:  4    Spells: 6/6 levels left

rFire    . . .     SeeInvis .   a - +0 war axe
rCold    . . .     Gourm    .   (no shield)
rNeg     + . .     Faith    .   b - +0 chain mail
rPois    ∞         Spirit   .   (no helmet)
rElec    +         Reflect  .   (no cloak)
rCorr    .         Harm     .   (no gloves)
MR       ++...                  (no boots)
Stlth    ..........             (no amulet)
HPRegen  1.14/turn              o - -5 ring of dexterity (curse)
MPRegen  0.10/turn              n - +5 ring of evasion

@: berserk cooldown, regenerating, slowed, very slow
A: negative energy resistance 1, electricity resistance, unbreathing,
petrification resistance, rot immunity, AC +4
a: Berserk, Trog's Hand, Renounce Religion


You were on level 5 of the Dungeon.
You worshipped Trog.
Trog was most pleased with you.
You were hungry.

You visited 1 branch of the dungeon, and saw 5 of its levels.

You collected 275 gold pieces.

Inventory:

Hand Weapons
 a - a +0 war axe (weapon)
Armour
 b - a +0 chain mail (worn)
Jewellery
 d - an uncursed ring of protection from fire
 n - a +5 ring of evasion (right hand)
 o - a cursed -5 ring of dexterity (left hand)
 u - an uncursed amulet of harm {unknown}
Wands
 r - a wand of flame (28)
Scrolls
 e - 5 scrolls of identify {unknown}
 f - 3 scrolls of teleportation {unknown}
 g - 3 scrolls of amnesia {unknown}
 k - 3 scrolls of remove curse {unknown}
 l - a scroll of blinking {unknown}
Potions
 h - a potion of cancellation {unknown}
 i - a potion of brilliance {unknown}
 j - a potion of curing {unknown}
 m - a potion of might {unknown}
 p - a potion of lignification {unknown}
 s - a potion of magic {unknown}
 t - a potion of heal wounds {unknown}
Comestibles
 c - 12 rations
 q - 4 chunks of flesh


   Skills:
 + Level 5.4 Fighting
 + Level 4.5 Axes
 + Level 4.8 Armour
 + Level 3.6 Dodging


You had 6 spell levels left.
You didn't know any spells.
Your spell library was empty.

Dungeon Overview and Level Annotations

Branches:
Dungeon (5/15)
 Temple: D:4-7

Altars:
Ashenzari
Fedhas
Trog

Annotations:
D:5 Prince Ribbit


Innate Abilities, Weirdness & Mutations

You are resistant to torment.
Your stone body is resilient. (AC +4)
You are immune to poison.
You resist negative energy. (rN+)
You are resistant to electric shocks. (rElec)
You can survive without breathing.
You are immune to petrification.
You are immune to rotting.


Message History

* * * LOW HITPOINT WARNING * * *
Prince Ribbit blinks!
Prince Ribbit hits you!
* * * LOW HITPOINT WARNING * * *
Prince Ribbit hits you but does no damage. x2
Your skin stops crawling.
You feel less resistant to hostile enchantments.
You are feeling hungry.
Prince Ribbit catches a fly with his tongue.
Prince Ribbit barely misses you.
Your skin crawls.
You feel resistant to hostile enchantments.
You feel somewhat more hungry. Prince Ribbit closely misses you.
Prince Ribbit hits you but does no damage.
Prince Ribbit blinks!
Prince Ribbit blinks!
Prince Ribbit barely misses you. Prince Ribbit hits you.
* * * LOW HITPOINT WARNING * * *
Prince Ribbit hits you!
You die...

....#..#.#†#.#......# .
.#...............#
.....#.#.#.#..÷...#
...##..............#..
.......#.#.#.#......#.#
..##................#.. ..
##..#.#.#.#......#.# #
##.........F.....#...# ..
#.....##...@.....#.#.# ..
.........##..##..#...# ...
.............# #.#.######...
.........###...#....#..#....
........## #...<.......#...
.........## #.....###.......
#.........###......###....#.
...###..#.........###.......
... #..#..#..##..####......


You could see Prince Ribbit.

Vanquished Creatures
  Menkaure (D:5)
  A scorpion (D:5)
  2 orc priests
  A gnoll shaman (D:4)
  An iguana (D:5)
  4 orc wizards
  A worker ant (D:4)
  A hound skeleton (D:4)
  5 gnolls (D:4)
  A howler monkey skeleton (D:3)
  6 adders
  A shadow imp (D:5)
  3 worms
  15 orcs
  9 bats
  6 giant cockroaches
  5 goblins
  7 hobgoblins
  9 jackals
  2 ball pythons (D:1)
  5 frilled lizards
  10 kobolds
  8 rats
104 creatures vanquished.

Notes
Turn   | Place    | Note
-------+----------+-------------------------------------------
     0 | D:1      | Fang the Gargoyle Berserker began the quest for the Orb.
     0 | D:1      | Reached XP level 1. HP: 14/14 MP: 1/1
   312 | D:1      | Reached XP level 2. HP: 19/19 MP: 2/2
   621 | D:1      | Reached XP level 3. HP: 23/23 MP: 3/3
   636 | D:1      | Reached ** piety under Trog
   961 | D:2      | Found a faded altar of an unknown god.
   980 | D:2      | Reached XP level 4. HP: 22/29 MP: 4/4
  1282 | D:2      | Reached skill level 4 in Fighting
  1285 | D:2      | Reached XP level 5. HP: 23/33 MP: 5/5
  1652 | D:2      | Found a blossoming altar of Fedhas.
  2258 | D:3      | Found a shattered altar of Ashenzari.
  2300 | D:3      | Reached *** piety under Trog
  2541 | D:3      | Reached XP level 6. HP: 38/39 MP: 6/6
  2823 | D:4      | Found a bloodstained altar of Trog.
  3407 | D:4      | Reached skill level 5 in Fighting
  3884 | D:5      | Entered Level 5 of the Dungeon
  3886 | D:5      | Noticed Menkaure
  3897 | D:5      | Killed Menkaure
  3897 | D:5      | Reached XP level 7. HP: 22/44 MP: 7/7
  4132 | D:5      | Noticed Prince Ribbit
  4162 | D:5      | Slain by Prince Ribbit

Skill      XL: |  1  2  3  4  5  6 |
---------------+-------------------+-----
Axes           | 3 4 |  4.5
Dodging        | 2 3 |  3.6
Armour         | 3 4 |  4.8
Fighting       | 4 5 |  5.4

Action                   |  1- 3 |  4- 6 |  7- 9 || total
-------------------------+-------+-------+-------++-------
Melee: Hand axe          |   107 |   185 |       ||   292
       War axe           |       |    44 |    26 ||    70
Invok: Berserk           |       |     5 |     1 ||     6
       Trog's Hand       |       |       |     3 ||     3
  Eat: Chunk             |       |    15 |     2 ||    17
Armor: Animal skin       |    36 |    59 |       ||    95
       Chain mail        |       |     3 |    24 ||    27
Dodge: Dodged            |   117 |   206 |    37 ||   360
